 Dungeon Crawl Stone Soup version 0.21.1-1-g345015f (webtiles) character file.

175 Lilu the Magician (level 5, -5/28 HPs)
             Began as a Deep Elf Conjurer on July 29, 2018.
             Slain by Grinder (6 damage)
             ... on level 3 of the Dungeon.
             The game lasted 00:08:58 (2511 turns).

Lilu the Magician (Deep Elf Conjurer)               Turns: 2511, Time: 00:09:00

Health: -5/28      AC:  2    Str:  6    XL:     5   Next: 29%
Magic:  5/17       EV: 13    Int: 20    God:
Gold:   180        SH:  0    Dex: 15    Spells: 12/19 levels left

rFire    . . .     SeeInvis .   x - +0 flail (drain)
rCold    . . .     Gourm    .   (no shield)
rNeg     . . .     Faith    .   a - +0 robe
rPois    .         Spirit   .   (no helmet)
rElec    .         Reflect  .   (no cloak)
rCorr    .         Harm     .   (no gloves)
MR       .....                  (no boots)
Stlth    ++........             (no amulet)
HPRegen  0.09/turn              p - ring of wizardry
MPRegen  0.15/turn              (no ring)

@: no status effects
A: no striking features
a: no special abilities


You were on level 3 of the Dungeon.
You were not hungry.

You visited 1 branch of the dungeon, and saw 3 of its levels.

You collected 180 gold pieces.

Inventory:

Hand Weapons
 x - a +0 flail of draining (weapon)
Missiles
 e - 10 poisoned needles
 n - 25 arrows
 w - 52 stones (quivered)
Armour
 a - a +0 robe (worn)
 y - a +0 buckler
Jewellery
 p - a ring of wizardry (left hand)
Scrolls
 d - 3 scrolls of fear {unknown}
 l - a scroll of enchant weapon {unknown}
 m - a scroll of random uselessness {unknown}
 o - 3 scrolls of teleportation {unknown}
 s - a scroll of fog {unknown}
 v - 3 scrolls of identify {unknown}
Potions
 g - a potion of flight {unknown}
 h - a potion of lignification {unknown}
 i - 4 potions of agility {unknown}
 j - a potion of degeneration {unknown}
 k - a potion of ambrosia {unknown}
 q - a potion of curing {unknown}
 r - a potion of resistance {unknown}
 t - a potion of berserk rage {unknown}
 u - 2 potions of mutation {unknown}
Books
 b - a book of Conjurations

   Spells                             Type                      Level
   a - Magic Dart                     Conjuration                  1
   b - Searing Ray                    Conjuration                  2
   c - Dazzling Spray                 Conjuration/Hexes            3
   d - Fulminant Prism                Conjuration/Hexes            4
   e - Force Lance                    Conjuration/Translocation    4
   f - Iskenderun's Mystic Blast      Conjuration                  4
Comestibles
 c - 7 rations
 f - 6 chunks of flesh


   Skills:
 - Level 2.4 Dodging
 - Level 2.4 Stealth
 * Level 7.5 Spellcasting
 - Level 4.3 Conjurations


You had 12 spell levels left.
You knew the following spells:

 Your Spells              Type           Power        Failure   Level  Hunger
a - Magic Dart            Conj           ####         1%          1    None
b - Searing Ray           Conj           ####..       1%          2    None
c - Iskenderun's Mystic   Conj           ####....     6%          4    ###....


Dungeon Overview and Level Annotations

Branches:
Dungeon (3/15)

Altars:
The Shining One

Annotations:
D:3 Grinder


Message History

You finish channeling your searing ray.
Grinder gestures at you.
You struggle to resist.
Casting: Searing Ray
Confirm with . or Enter, or press ? or * to list all spells.
Aiming: Searing Ray
Press: ? - help, Shift-Dir - straight line, f - Grinder
Aim: Grinder (moderately wounded)
The searing ray hits Grinder.
Grinder is heavily wounded. (Press . to maintain the ray.) Grinder gestures at you.
Pain shoots through your body!
The searing ray hits Grinder.
Grinder is heavily wounded.
Grinder says, "Mostly I couldn't keep them alive."
Grinder hits you!
* * * LOW HITPOINT WARNING * * *
You writhe in agony.
You die...

.# .≈≈#
.###########..≈≈S
...§....5..>..≈#
#########.#.o.≈o
#######S# ...
###.[...#S###o##
..'.....+..o..#
###.....#.#########
# #..........†o5@.#
# #.......#######.#
# ######....#####.#
# #.....[....# #
#...######## ##
#...# .# #..)# .#
#...# .# #...#


You could see Grinder and an orc.

Vanquished Creatures
  An orc priest (D:3)
  6 adders
  An ooze (D:2)
  3 worms (D:2)
  3 dart slugs
  3 orcs (D:3)
  2 ball pythons
  5 giant cockroaches
  10 goblins
  7 hobgoblins
  3 jackals (D:2)
  3 kobolds
  A quokka (D:3)
  4 bats
  8 frilled lizards
  12 rats
72 creatures vanquished.

Notes
Turn   | Place    | Note
-------+----------+-------------------------------------------
     0 | D:1      | Lilu the Deep Elf Conjurer began the quest for the Orb.
     0 | D:1      | Reached XP level 1. HP: 10/10 MP: 6/6
   180 | D:1      | Reached skill level 4 in Spellcasting
   180 | D:1      | Reached XP level 2. HP: 15/15 MP: 2/9
   191 | D:1      | Learned a level 2 spell: Searing Ray
   889 | D:2      | Reached skill level 5 in Spellcasting
   889 | D:2      | Reached XP level 3. HP: 19/19 MP: 5/11
  1245 | D:2      | Reached skill level 6 in Spellcasting
  1245 | D:2      | Reached XP level 4. HP: 24/24 MP: 10/14
  1297 | D:2      | Learned a level 4 spell: Iskenderun's Mystic Blast
  2146 | D:3      | Noticed Grinder
  2176 | D:3      | Found a glowing golden altar of the Shining One.
  2448 | D:3      | Reached skill level 7 in Spellcasting
  2492 | D:3      | Reached XP level 5. HP: 20/28 MP: 12/16
  2511 | D:3      | HP: 1/28 [Grinder (9)]
  2511 | D:3      | Slain by Grinder

Skill      XL: |  1  2  3  4 |
---------------+-------------+-----
Spellcasting   | 4 5 6 7 |  7.5
Dodging        | |  2.4
Stealth        | |  2.4
Conjurations   | |  4.3

Action                   |  1- 3 |  4- 6 || total
-------------------------+-------+-------++-------
Melee: Club              |     2 |       ||     2
       Flail             |       |     1 ||     1
 Cast: Magic Dart        |    71 |    53 ||   124
       Searing Ray       |     1 |     6 ||     7
  Eat: Chunk             |     1 |     4 ||     5
Armor: Robe              |     2 |     5 ||     7
Dodge: Dodged            |     6 |     7 ||    13
